 Dungeon Crawl Stone Soup version 0.22-a0-162-g33bf127 (webtiles) character file.

17 Amnesiac the Poker (level 2, 22/24 HPs)
             Began as a Demonspawn Monk on Feb 12, 2018.
             Quit the game on level 2 of the Dungeon.
             The game lasted 00:00:44 (156 turns).

Amnesiac the Poker (Demonspawn Monk)                 Turns: 156, Time: 00:00:45

Health: 22/24      AC:  4    Str:  9 (11) XL:     2   Next: 44%
Magic:  2/2        EV: 12    Int:  9 (11) God:
Gold:   0          SH:  0    Dex: 14 (15) Spells: 1/1 levels left

rFire    . . .     SeeInvis .   a - +0 spear
rCold    . . .     Gourm    .   (no shield)
rNeg     . . .     Faith    .   e - +0 troll leather armour
rPois    .         Spirit   .   (no helmet)
rElec    .         Reflect  .   (no cloak)
rCorr    .         Harm     .   (no gloves)
MR       .....                  (no boots)
Stlth    ++........             (no amulet)
HPRegen  0.48/turn              (no ring)
MPRegen  0.08/turn              (no ring)

@: no status effects
A: talons 1
a: no special abilities


You were on level 2 of the Dungeon.
You were not hungry.

You visited 1 branch of the dungeon, and saw 2 of its levels.

Inventory:

Hand Weapons
 a - a +0 spear (weapon)
Armour
 b - a +0 robe
 e - a +0 troll leather armour (worn)
Comestibles
 c - 2 rations
 g - a chunk of flesh


   Skills:
 - Level 3.0 Fighting
 + Level 3.5 Polearms
 - Level 2.6 Dodging
 - Level 1.7 Stealth


You had one spell level left.
You didn't know any spells.

Dungeon Overview and Level Annotations

Branches:
Dungeon (2/15)

Altars:


Innate Abilities, Weirdness & Mutations

You have sharp toenails.


Message History

Attack whom?
Press: ? - help, Dir - move target cursor, f - adder
Aim: an adder (hasn't noticed you)
You reach to attack!
You closely miss the adder. The adder closely misses you.
You hit the adder but do no damage. The adder closely misses you.
You barely miss the adder. The adder closely misses you.
You closely miss the adder. The adder bites you.
You are poisoned.
The adder poisons you! The hobgoblin closely misses you. The adder bites you.
You feel sick. The adder barely misses you.
You feel sick. The adder misses you.
Quiver which item? (- for none, * to show all) (? for menu, Esc to quit)
Okay, then.
Really quaff
d - a bubbling cyan potion {!q}?
It was a potion of degeneration {!q}.
There was something very wrong with that liquid.
You feel weakened.
You feel dopey.
You feel clumsy. The adder bites you.
* * * LOW HITPOINT WARNING * * *
Really quaff
f - a silvery potion {!q}?
It was a potion of curing {!q}.
You feel better. The adder barely misses you.
You hit the adder.
The adder is heavily wounded.
The adder bites you but does no damage.
You closely miss the adder.
The adder is heavily wounded.
The adder bites you. The adder bites you but does no damage.
You hit the adder.
The adder is severely wounded.
The adder closely misses you.
You barely miss the adder.
The adder is severely wounded.
The adder bites you but does no damage.
You closely miss the adder.
The adder is severely wounded.
The adder bites you.
You barely miss the adder.
The adder is heavily wounded.
The adder barely misses you. x2
You hit the adder.
The adder is severely wounded.
The adder closely misses you.
You hit the adder.
The adder is severely wounded.
The adder bites you. The adder bites you.
You hit the adder.
You kill the adder!
You have reached level 2!
Your demonic ancestry asserts itself...
Your toenails lengthen and sharpen.
You hit the hobgoblin. You claw the hobgoblin.
The hobgoblin is severely wounded.
You hit the hobgoblin but do no damage. You claw the hobgoblin.
The hobgoblin is almost dead.
The hobgoblin barely misses you.
You hit the hobgoblin but do no damage.
The hobgoblin is almost dead.
The hobgoblin barely misses you.
You hit the hobgoblin.
You kill the hobgoblin!
Things that are here:
a club; an adder corpse Are you sure you want to abandon this character and quit the game? (Confirm with "yes".)

#.# #.# #.# #.#
#.# #.#
#.######.####.###
#...............
#.######.###...#
#.# #.# #...# #.#
#.# #...# #.#
#.####.####.# #<#
#.@.........# ###
######.###### ..#
###


There were no monsters in sight!

Vanquished Creatures
  An adder (D:2)
  A dart slug (D:1)
  A bat (D:1)
  A giant cockroach (D:2)
  A hobgoblin (D:2)
  A kobold (D:1)
6 creatures vanquished.

Notes
Turn   | Place    | Note
-------+----------+-------------------------------------------
     0 | D:1      | Amnesiac the Demonspawn Monk began the quest for the Orb.
     0 | D:1      | Reached XP level 1. HP: 18/18 MP: 1/1
   150 | D:2      | Gained mutation: You have sharp toenails. [demonic ancestry]
   150 | D:2      | Reached XP level 2. HP: 19/24 MP: 2/2
   156 | D:2      | Quit the game

Vault maps used:
D:1:      dpeg_arrival_radiant
D:2:      tgw_fedhas

Skill      XL: |  1 |
---------------+----+-----
Polearms       | 3 |  3.5
Fighting       | |  3.0
Dodging        | |  2.6
Stealth        | |  1.7

Action                   || total
-------------------------++-------
Melee: Spear             ||    24
       Kick              ||     2
  Use: Potion            ||     2
 Stab: Sleeping          ||     4
Armor: Troll leather arm ||     3
Dodge: Dodged            ||    13

Table legend:
 A = Spawn XP
 B = Non-spawn XP
 C = Spawn XP percentage of total XP
 D = Spawn monster count
 E = Non-spawn monster count
 F = Spawn count percentage of total count
 G = Total turns spent on level
                    A         B        C        D         E        F      G
               +---------+---------+-------+---------+---------+-------+---------
         Total |       0 |      25 |   0.0 |       0 |       6 |   0.0 |   156
               +---------+---------+-------+---------+---------+-------+---------
           D:1 |       0 |       7 |   0.0 |       0 |       3 |   0.0 |   109
           D:2 |       0 |      18 |   0.0 |       0 |       3 |   0.0 |    47
               +---------+---------+-------+---------+---------+-------+---------
